 Dungeon Crawl Stone Soup version 0.19.1 (webtiles) character file.

33 RedPan the Vexing (level 3, -2/24 HPs)
             Began as a Vampire Enchanter on Dec 26, 2016.
             Slain by a hobgoblin
             ... wielding a +0 club
              (3 damage)
             ... on level 2 of the Dungeon.
             The game lasted 00:02:22 (935 turns).

RedPan the Vexing (Vampire Enchanter)                Turns: 935, Time: 00:02:23

Health: -2/24      AC:  3    Str:  7    XL:     3   Next: 12%
Magic:  0/6        EV: 12    Int: 18    God:
Gold:   39         SH:  0    Dex: 14    Spells: 2 memorised, 3 levels left

rFire  . . .     SeeInvis +     a - +1 dagger
rCold  . . .     Gourm    .     b - +1 robe
rNeg   + . .     Faith    .     (no shield)
rPois  .         Spirit   .     (no helmet)
rElec  .         Reflect  .     (no cloak)
rCorr  +         Harm     .     (no gloves)
MR     .....                    (no boots)
Stlth  +++.......               (no amulet)
                                (no ring)
                                i - ring of resist corrosion

@: about to teleport
A: fangs 3, see invisible, unbreathing
a: Bat Form


You were on level 2 of the Dungeon.
You were not thirsty.

You visited 1 branch of the dungeon, and saw 2 of its levels.

You collected 39 gold pieces.

Inventory:

Hand Weapons
 a - a +1 dagger (weapon)
Armour
 b - a +1 robe (worn)
Jewellery
 i - a ring of resist corrosion (left hand)
 k - an uncursed ring of see invisible {unknown}
Scrolls
 f - a scroll of teleportation
 g - 3 scrolls of remove curse {unknown}
 h - 2 scrolls of recharging {unknown}
 l - a scroll of noise {unknown}
 m - 2 scrolls of fear {unknown}
 n - a scroll of enchant armour {unknown}
Potions
 d - 8 potions of blood
 e - a potion of haste {unknown}
 j - a potion of mutation {unknown}
Books
 c - a book of Maledictions

   Spells                             Type                      Level
   a - Corona                         Hexes                        1
   b - Ensorcelled Hibernation        Hexes/Ice                    2
   c - Confuse                        Hexes                        3
   d - Tukima's Dance                 Hexes                        3
   e - Dazzling Spray                 Conjuration/Hexes            3


   Skills:
 - Level 1.1 Short Blades
 - Level 2.1 Dodging
 - Level 4.4 Stealth
 - Level 2.0 Spellcasting
 + Level 6.2 Hexes


You had 3 spell levels left.
You knew the following spells:

 Your Spells              Type           Power        Failure   Level  Hunger
a - Corona                Hex            ###....      1%          1    #......
b - Ensorcelled Hibernat  Hex/Ice        ##....       10%         2    ###....


Dungeon Overview and Level Annotations

Branches:
Dungeon (2/15)

Altars:


Innate Abilities, Weirdness & Mutations

You have razor-sharp teeth.
You have supernaturally acute eyesight. (SInv)
You can survive without breathing.


Message History

Aiming: Ensorcelled Hibernation
Press: ? - help, Shift-Dir - straight line, f/p - worm
Aim: a worm (chance to defeat MR: 52%)
The worm resists with significant effort.
The worm bites you. The hobgoblin closely misses you.
Casting: Ensorcelled Hibernation
Confirm with . or Enter, or press ? or * to list all spells.
Aiming: Ensorcelled Hibernation
Press: ? - help, Shift-Dir - straight line, f/p - worm
Aim: a worm (chance to defeat MR: 52%)
The worm resists with significant effort.
The hobgoblin hits you but does no damage.
The worm bites you.
* * * LOW HITPOINT WARNING * * *
As you read the scroll labeled FEQ UDOERAUH, it crumbles to dust.
You feel strangely unstable.
It was a scroll of teleportation.
The hobgoblin hits you with a club.
* * * LOW HITPOINT WARNING * * *
The hobgoblin hits you with a club.
You die...

####.### .#
##[##...##.#
#######...##...#.#
.$...........#...#
#..?....###..#
#.##s##..#...# #
#†###...#.#
#w#######.#
#@g.......#
###########


You could see a worm, a giant cockroach and a hobgoblin.

Vanquished Creatures
  A gnoll (D:1)
  5 bats (D:1)
  4 hobgoblins
  2 frilled lizards
  7 kobolds (D:1)
  4 rats (D:1)
23 creatures vanquished.

Notes
Turn   | Place    | Note
-------+----------+-------------------------------------------
     0 | D:1      | RedPan the Vampire Enchanter began the quest for the Orb.
     0 | D:1      | Reached XP level 1. HP: 13/13 MP: 3/3
   160 | D:1      | Reached skill level 5 in Hexes
   192 | D:1      | Reached XP level 2. HP: 16/19 MP: 5/5
   196 | D:1      | Learned a level 2 spell: Ensorcelled Hibernation
   500 | D:1      | Reached skill level 6 in Hexes
   566 | D:1      | Reached XP level 3. HP: 11/24 MP: 6/6
   934 | D:2      | HP: 1/24 [hobgoblin/club (3)]
   935 | D:2      | Slain by a hobgoblin

Skill      XL: |  1  2 |
---------------+-------+-----
Hexes          | 5 6 |  6.2
Short Blades   | |  1.1
Dodging        | |  2.1
Stealth        | |  4.4
Spellcasting   | |  2.0

Action                   || total
-------------------------++-------
Melee: Dagger            ||   114
       Bite              ||    10
 Cast: Ensorcelled Hiber ||     4
  Use: Scroll            ||     1
 Stab: Sleeping          ||     3
Armor: Robe              ||    42
Dodge: Dodged            ||    94
